 Dungeon Sprint DCSS version 0.31-a0-983-g7b6862f502 (webtiles) character file.

Game seed: 6189107907675661608

424 rocky1 the Unseen (level 6, 0/57 HPs)
             Began as a Naga Brigand on Nov 3, 2023.
             Was a Believer of Cheibriados.
             Slain by a killer bee (8 damage)
             ... in the Dungeon (Sprint IV: "Fedhas' Mad Dash").
             The game lasted 00:01:44 (576 turns).

rocky1 the Unseen (Naga Brigand)                     Turns: 576, Time: 00:01:45

Health: 0/57       AC:  4    Str: 17    XL:     6   Next: 96%
Magic:  3/9        EV: 10    Int: 16    God:    Cheibriados [**....]
Gold:   54         SH:  0    Dex: 18    Spells: 5/5 levels left

rFire   . . .        a - +2 dagger
rCold   . . .        (no shield)
rNeg    . . .        b - +0 robe
rPois   +            (no helmet)
rElec   .            c - +0 cloak
rCorr   .            (no gloves)
SInv    +            (no barding)
Will    .....        l - amulet of invisibility {+Inv}
Stlth   +++++++      (no ring)
HPRegen 0.29/turn    (no ring)
MPRegen 0.11/turn

%: no teleportation
@: lethally poisoned (0 -> 0), very slightly contaminated, very slow
A: AC +2, large, see invisible, deformed body, poison resistance, slowness 2,
spit poison 1, naga tail 1
a: Spit Poison, Renounce Religion, Evoke Invisibility, Bend Time


You were in the Dungeon.
You worshipped Cheibriados.
Cheibriados was pleased with you.
You visited 1 branch You collected 54 gold pieces.

Inventory:

Hand Weapons
 a - a +2 dagger (weapon)
Missiles
 d - 9 poisoned darts (quivered)
 e - 3 curare-tipped darts
Armour
 b - a +0 robe (worn)
 c - a +0 cloak (worn)
Jewellery
 l - the amulet of invisibility (around neck) {+Inv}
   (You found it in the Dungeon)

   [amulet of nothing]

   +Inv:      It lets you turn invisible.
Scrolls
 j - a scroll of identify {unknown}
 k - a scroll of blinking
Potions
 f - a potion of curing
 h - a potion of haste
 i - 2 potions of magic


   Skills:
 + Level 4.1 Fighting
 + Level 4.0 Short Blades
 + Level 3.7 Throwing
 + Level 1.0 Dodging
 + Level 17.7 Stealth
 * Level 4.2 Invocations
 * Level 4.3 Evocations


You had 5 spell levels left.
You didn't know any spells.
Your spell library was empty.

Dungeon Overview and Level Annotations

Branches:
Dungeon (1/1)

Altars:
Cheibriados
Dithmenos
Elyvilon
Gozag
Hepliaklqana
Kikubaaqudgha
Makhleb
Nemelex Xobeh
Okawaru
Qazlal
Ru
Sif Muna
Trog
Uskayaw
Vehumet
Wu Jian
Xom
Yredelemnul
Zin
The Shining One
Jiyva
Lugonu


Innate Abilities, Weirdness & Mutations

Your serpentine skin is tough. (AC +2)
You have supernaturally acute eyesight. (SInv)
Armour fits poorly on your strangely shaped body.
Your system is resistant to poisons. (rPois)
You cover ground very slowly.
You can spit poison.
You have a snake-like lower body.


Message History

You barely miss the killer bee.
The killer bee is lightly wounded.
You feel sick. The killer bee stings you. x2
The killer bee stings you but does no damage.
You barely miss the killer bee.
The killer bee is lightly wounded.
You feel sick.
The killer bee stings you but does no damage.
The killer bee stings you. The killer bee barely misses you.
You miss the killer bee.
The killer bee is lightly wounded.
The killer bee completely misses you. The killer bee barely misses you. x2
You hit the killer bee.
The killer bee is heavily wounded.
You feel sick. The killer bee stings you.
The killer bee stings you but does no damage.
The killer bee stings you.
You barely miss the killer bee.
The killer bee is heavily wounded.
The killer bee stings you.
The killer bee stings you but does no damage.
The killer bee stings you!
* * * LOW HITPOINT WARNING * * *
You hit the killer bee.
The killer bee is severely wounded.
You feel sick. The killer bee closely misses you.
The killer bee barely misses you.
The killer bee stings you but does no damage.
You hit the killer bee.
The killer bee is almost dead.
The killer bee barely misses you.
The killer bee stings you but does no damage.
The killer bee stings you.
* * * LOW HITPOINT WARNING * * *
You hit the killer bee.
You kill the killer bee!
Cheibriados thoroughly appreciates the change of pace.
Cheibriados raises the support of your attributes as your movement slows. x2
You feel sick. The killer bee stings you!
You die...

####################
#<..P#.....#.....#.⌠
#PP..'.....'.#[).'..
#PPPP#.....#.#...#..
###############'##..
#.yy♣........'...#._
#.†@...♣.....#...###
#.†...♣..♣..######
##+####+#####


You could see 2 killer bees.

Vanquished Creatures
  A queen bee (D)
  A scorpion (D)
  2 killer bees (D)
  3 oklob saplings (D)
  A river rat (D)
  A rat (D)
9 creatures vanquished.

Notes
Turn   | Place    | Note
-------+----------+-------------------------------------------
     0 | D        | rocky1 the Naga Brigand began the quest for the Orb.
     0 | D        | Reached XP level 1. HP: 19/19 MP: 1/1
    11 | D        | Reached skill level 8 in Stealth
    11 | D        | Reached XP level 2. HP: 26/26 MP: 2/2
   255 | D        | Noticed an oklob sapling
   257 | D        | Killed an oklob sapling
   258 | D        | Reached skill level 10 in Stealth
   258 | D        | Reached XP level 3. HP: 33/33 MP: 3/3
   360 | D        | Noticed a scorpion
   360 | D        | Found the amulet of invisibility {+Inv}
   362 | D        | Killed a scorpion
   363 | D        | Reached skill level 1 in Dodging
   363 | D        | Reached skill level 13 in Stealth
   363 | D        | Reached XP level 4. HP: 42/42 MP: 4/4
   387 | D        | Reached skill level 1 in Evocations
   387 | D        | Reached XP level 5. HP: 49/49 MP: 5/5
   406 | D        | Found an opulent altar of Gozag.
   406 | D        | Found a hazy altar of Hepliaklqana.
   406 | D        | Found a burning altar of Makhleb.
   406 | D        | Found a sparkling altar of Nemelex Xobeh.
   406 | D        | Found a snail-covered altar of Cheibriados.
   406 | D        | Found a sacrificial altar of Ru.
   406 | D        | Found a shimmering blue altar of Sif Muna.
   406 | D        | Found a shimmering altar of Xom.
   406 | D        | Found a basalt altar of Yredelemnul.
   407 | D        | Found a viscous altar of Jiyva.
   407 | D        | Found a bloodstained altar of Trog.
   407 | D        | Found an ornate altar of the Wu Jian Council.
   408 | D        | Found an iron altar of Okawaru.
   408 | D        | Found a shadowy altar of Dithmenos.
   408 | D        | Found a glowing silver altar of Zin.
   409 | D        | Found an ancient bone altar of Kikubaaqudgha.
   409 | D        | Found a hide-covered altar of Uskayaw.
   410 | D        | Found a stormy altar of Qazlal.
   410 | D        | Found a white marble altar of Elyvilon.
   410 | D        | Found a glowing golden altar of the Shining One.
   411 | D        | Found a corrupted altar of Lugonu.
   411 | D        | Found a radiant altar of Vehumet.
   415 | D        | Reached skill level 14 in Stealth
   420 | D        | Became a worshipper of Cheibriados the Contemplative
   555 | D        | Noticed a queen bee
   562 | D        | Killed a queen bee
   563 | D        | Reached skill level 17 in Stealth
   563 | D        | Reached XP level 6. HP: 57/57 MP: 5/8
   564 | D        | Reached * piety under Cheibriados
   576 | D        | Reached ** piety under Cheibriados
   576 | D        | Slain by a killer bee

Illustrated notes

Levels and vault maps discovered:
D:        dungeon_sprint_fedhas [sprint_temple]

Skill      XL: |  1  2  3  4  5  6 |
---------------+-------------------+-----
Throwing       | 2 3 |  3.7
Stealth        | 8 10 13 17 | 17.7
Fighting       | 3 4 |  4.1
Short Blades   | 3 4 |  4.0
Dodging        | 1 |  1.0
Evocations     | 1 4 |  4.3
Invocations    | 3 4 |  4.2

Action                     |  1- 3 |  4- 6 || total
---------------------------+-------+-------++-------
  Melee: Dagger            |     5 |    14 ||    19
 Invoke: Bend Time         |       |     1 ||     1
Ability: Evoke Invisibilit |       |     2 ||     2
         Spit Poison       |       |     1 ||     1
    Use: Potion            |     1 |     1 ||     2
   Stab: Sleeping          |     2 |     3 ||     5
 Armour: Robe              |       |    30 ||    30
  Dodge: Dodged            |     2 |    17 ||    19

Table legend: (Time is in decaauts)
 A = Elapsed time spent in this place.
 B = Non-inter-level travel time spent in this place.
 C = Inter-level travel time spent in this place.
 D = Time resting spent in this place.
 E = Time spent auto-exploring this place.
 F = Levels seen in this place.
 G = Mean time per level.
                   A        B        C        D        E       F      G
               +--------+--------+--------+--------+--------+-----+--------+
         Total |    626 |    626 |      0 |    446 |      0 |   1 |  626.0 |
       Dungeon |    626 |    626 |      0 |    446 |      0 |   1 |  626.0 |
               +--------+--------+--------+--------+--------+-----+--------+

Top non-repeatable levels by time:
       D: 626 daAuts
